 Dungeon Crawl Stone Soup version 0.20-a0-939-g04f5055 (webtiles) character file.

7342 kuniqs the Fighter (level 10, -1/90 HPs)
             Began as a Green Draconian Gladiator on Mar 30, 2017.
             Was a High Priest of Okawaru.
             Slain by an unseen horror (5 damage)
             ... on level 10 of the Dungeon on Mar 31, 2017.
             The game lasted 00:20:47 (11580 turns).

kuniqs the Fighter (Green Draconian Gladiator)     Turns: 11580, Time: 00:20:48

Health: -1/90      AC: 10    Str: 16    XL:     10   Next: 91%
Magic:  15/15      EV: 17    Int:  8    God:    Okawaru [*****.]
Gold:   613        SH:  0    Dex: 17    Spells: 9/9 levels left

rFire    . . .     SeeInvis .   a - +1 great sword (holy)
rCold    . . .     Gourm    .   (shield currently unavailable)
rNeg     . . .     Faith    +   (armour unavailable)
rPois    +         Spirit   .   b - +0 hat
rElec    .         Reflect  .   m - +0 cloak (curse)
rCorr    .         Harm     .   (no gloves)
MR       .....                  z - +0 pair of boots
Stlth    +++++.....             G - amulet of faith
Regen    0.3/turn               I - +1 ring of protection
MPRegen  0.2/turn               (no ring)

@: no status effects
A: breathe noxious fumes, unfitting armour, camouflage 1, poison resistance,
cold-blooded, AC +7
a: Breathe Noxious Fumes, Heroism, Finesse, Renounce Religion


You were on level 10 of the Dungeon.
You worshipped Okawaru.
Okawaru was extremely pleased with you.
You were hungry.

You visited 2 branches of the dungeon, and saw 11 of its levels.

You collected 639 gold pieces.
You spent 26 gold pieces at shops.

Inventory:

Hand Weapons
 a - a +1 great sword of holy wrath (weapon)
 L - a +0 scimitar
 O - a +1 dagger of venom
Missiles
 c - 4 throwing nets (quivered)
Armour
 b - a +0 hat (worn)
 m - a cursed +0 cloak (worn)
 z - a +0 pair of boots (worn)
Jewellery
 y - an uncursed amulet of rage
 G - an amulet of faith (around neck)
 I - a +1 ring of protection (left hand)
Wands
 C - a wand of flame (27/48)
 K - a wand of lightning (8/15)
Scrolls
 g - a scroll of fear
 j - 2 scrolls of enchant weapon {unknown}
 p - a scroll of amnesia
 r - 3 scrolls of blinking {unknown}
 s - a scroll of immolation {unknown}
 t - a scroll of remove curse {unknown}
 B - 2 scrolls of recharging {unknown}
 D - a scroll of enchant armour
 E - 2 scrolls of noise {unknown}
 H - a scroll of vulnerability {unknown}
 J - a scroll of random uselessness {unknown}
 N - a scroll of magic mapping {unknown}
 P - 2 scrolls of teleportation {unknown}
Potions
 h - 2 potions of mutation
 i - 2 potions of brilliance
 k - 2 potions of heal wounds
 l - 2 potions of lignification {unknown}
 n - 2 potions of invisibility
 o - a potion of magic
 u - a potion of haste
 v - 3 potions of curing {unknown}
 w - a potion of agility
 x - a potion of might
 A - 3 potions of flight {unknown}
 M - 2 potions of cancellation {unknown}
Comestibles
 d - 7 bread rations
 e - 4 meat rations
 f - 3 fruits
 F - 3 royal jellies


   Skills:
 + Level 8.8 Fighting
 + Level 8.2 Long Blades
 - Level 1.7 Throwing
 + Level 7.7 Dodging
 + Level 7.6 Stealth
 + Level 7.3 Invocations


You had 9 spell levels left.
You didn't know any spells.

Dungeon Overview and Level Annotations

Branches:
Dungeon (10/15)            Temple (1/1) D:4            Lair (0/6) D:10
    Orc: D:9-12

Altars:
Ashenzari
Elyvilon
Gozag
Hepliaklqana
Kikubaaqudgha
Makhleb
Nemelex Xobeh
Okawaru
Uskayaw
Wu Jian
Xom
Yredelemnul
Zin

Shops:
D:9 *


Innate Abilities, Weirdness & Mutations

You can breathe blasts of noxious fumes.
Your lurid green scales are hard. (AC +7)
You cannot fit into any form of body armour.
Your system is resistant to poisons. (rPois)
You are cold-blooded and may be slowed by cold attacks.
Your skin changes colour to match your surroundings (Stealth+).


Message History

Something hits you but does no damage.
Something hits you but does no damage. x2
Something hits you.
* * * LOW HITPOINT WARNING * * *
Something hits you!
* * * LOW HITPOINT WARNING * * *
You closely miss something.
Your tail-slap misses something.
Something hits you.
* * * LOW HITPOINT WARNING * * *
You swing at nothing.
Something hits you but does no damage.
You slash something! Something hits you but does no damage. Something hits you.
* * * LOW HITPOINT WARNING * * *
You hit something. Something hits you.
* * * LOW HITPOINT WARNING * * *
Something barely misses you.
You barely miss something. Something hits you but does no damage.
Something hits you.
* * * LOW HITPOINT WARNING * * *
Something hits you.
You die...

## #..
####.##
#.....#
###.....#
........###
#.......###
#.....#.{@+
#.....#####
#.....#
#.....#
#.....#
##.#### #...#
######'####
###...#.....#


There were no monsters in sight!

Vanquished Creatures
  A two-headed ogre (D:8)
  The ghost of derval the Geomancer, a novice GrEE of Vehumet (D:9)
  Pikel (D:7)
  2 trolls
  A wyvern (D:9)
  3 yaks (D:10)
  The ghost of derval the Digger, an amateur GrEE of Vehumet (D:4)
  A slave (D:7)
  4 orc warriors (D:10)
  3 phantoms
  2 sky beasts
  10 ogres
  A centaur (D:8)
  6 bullfrogs
  A wyvern zombie (D:9)
  3 scorpions
  The ghost of claquette the Ruffian, a weakling TrBe of Trog (D:3)
  6 killer bees (D:10)
  11 wights
  4 crimson imps
  A bullfrog zombie (D:6)
  3 hounds
  A centaur zombie (D:5)
  3 jellies
  6 orc priests
  4 bullfrog skeletons
  2 centaur skeletons
  6 worker ants
  2 iguanas
  11 orc wizards
  Ijyb (D:3)
  2 hound skeletons
  4 gnolls (D:5)
  A howler monkey skeleton (D:4)
  18 adders
  An ooze (D:5)
  An adder zombie (D:6)
  5 worms
  A dart slug (D:1)
  5 leopard geckos
  49 orcs
  A ball python (D:3)
  11 bats
  7 giant cockroaches
  5 goblins
  5 hobgoblins
  15 jackals
  8 kobolds
  A quokka (D:2)
  2 frilled lizards
  A giant cockroach zombie (D:5)
  A jackal skeleton (D:6)
  A jackal zombie (D:6)
  A leopard gecko zombie (D:5)
  A quokka skeleton (D:9)
  6 rats
256 creatures vanquished.

Vanquished Creatures (others)
  A slave (D:7)
  A crimson imp (D:7)
  An orc priest (D:7)
  An orc wizard (D:9)
  An adder (D:7)
5 creatures vanquished.

Grand Total: 261 creatures vanquished

Notes
Turn   | Place    | Note
-------+----------+-------------------------------------------
     0 | D:1      | kuniqs the Draconian Gladiator began the quest for the Orb.
     0 | D:1      | Reached XP level 1. HP: 17/17 MP: 1/1
    77 | D:1      | Reached XP level 2. HP: 20/25 MP: 2/2
   305 | D:1      | Reached skill level 1 in Stealth
   549 | D:1      | Reached XP level 3. HP: 26/30 MP: 3/3
   827 | D:2      | Found an ancient bone altar of Kikubaaqudgha.
   871 | D:2      | Reached XP level 4. HP: 36/38 MP: 4/4
  1511 | D:3      | Noticed a phantom
  1530 | D:3      | Reached XP level 5. HP: 32/45 MP: 5/5
  1741 | D:3      | Killed a phantom
  1946 | D:3      | Noticed Ijyb
  1946 | D:3      | Noticed claquette's ghost (weakling TrBe)
  1967 | D:3      | Killed Ijyb
  2183 | D:3      | Killed claquette's ghost
  2183 | D:3      | Reached XP level 6. HP: 26/52 MP: 6/6
  3304 | D:4      | Found a staircase to the Ecumenical Temple.
  3312 | Temple   | Entered the Ecumenical Temple
  3333 | Temple   | Became a worshipper of Warmaster Okawaru
  3376 | D:4      | Your scales start taking on a lurid green colour.
  3376 | D:4      | Reached XP level 7. HP: 51/60 MP: 7/7
  3376 | D:4      | Gained mutation: Your system is resistant to poisons. (rPois) [Green Draconian growth]
  3378 | D:4      | Noticed derval's ghost (amateur GrEE)
  3771 | D:3      | Reached skill level 1 in Invocations
  3817 | D:4      | Reached skill level 5 in Fighting
  3841 | D:4      | Killed derval's ghost
  3841 | D:4      | Reached * piety under Okawaru
  3903 | D:4      | Found an opulent altar of Gozag.
  4020 | D:4      | Found a hide-covered altar of Uskayaw.
  4267 | D:4      | Reached skill level 5 in Long Blades
  4337 | D:4      | Found a shattered altar of Ashenzari.
  4533 | D:5      | Entered Level 5 of the Dungeon
  4548 | D:5      | Reached XP level 8. HP: 69/69 MP: 9/9
  4684 | D:5      | Reached skill level 5 in Dodging
  4789 | D:5      | Reached ** piety under Okawaru
  4805 | D:5      | Found a burning altar of Makhleb.
  5714 | D:6      | Found Unliejer's General Store.
  6023 | D:5      | Reached skill level 5 in Stealth
  7008 | D:7      | Found a glowing silver altar of Zin.
  7026 | D:7      | Noticed Pikel
  7046 | D:7      | Killed Pikel
  7046 | D:7      | Reached *** piety under Okawaru
  7046 | D:7      | Reached XP level 9. HP: 67/78 MP: 12/12
  7246 | D:7      | Gained mutation: Your skin changes colour to match your surroundings (Stealth+). [mutagenic meat]
  7291 | D:7      | Reached skill level 5 in Invocations
  7785 | D:8      | Reached **** piety under Okawaru
  7984 | D:8      | Noticed a two-headed ogre
  8303 | D:8      | Killed a two-headed ogre
  8303 | D:8      | Reached ***** piety under Okawaru
  8303 | D:8      | Reached XP level 10. HP: 19/88 MP: 14/14
  8804 | D:9      | Noticed derval's ghost (novice GrEE)
  8874 | D:9      | Killed derval's ghost
  8874 | D:9      | Received a gift from Okawaru
  9202 | D:9      | Found a white marble altar of Elyvilon.
  9290 | D:9      | Found Felom's General Store.
  9308 | D:9      | Bought a scroll of identify for 26 gold pieces
  9834 | D:8      | Found a glowing silver altar of Zin.
 10321 | D:8      | Received a gift from Okawaru
 10781 | D:10     | Entered Level 10 of the Dungeon
 11438 | D:10     | Received a gift from Okawaru
 11528 | D:10     | Found a staircase to the Lair.
 11580 | D:10     | HP: 4/90 [something (4)]
 11580 | D:10     | Slain by an unseen horror

Vault maps used:
D:1:      lightli_arrival_chessboard
D:2:      kiku_gazebo_pond_becter, hangedman_decor_push,
          kennysheep_generic_room_2
D:3:      first_bread, uniq_iyjb
D:4:      nicolae_gozag_cash_rules_everything_around_me, lemuel_doored_altar,
          kennysheep_little_box, minmay_temple_entry_water_ring,
          serial_column_ruins, column_ruins_circle_medium,
          column_ruins_circle_large, column_ruins_open_medium_water,
          column_ruins_open_medium, column_ruins_corridor_straight
D:5:      lemuel_crystal_altar, hangedman_decor_diamond_cutter
D:6:      serial_shops, shop
D:7:      basic_altar, uniq_pikel
D:8:      zin_statuary
D:9:      lemuel_round_altar, serial_shops, nicolae_shop_waterfront
D:10:     lair_entry_dummy, orc_0_dummy
Temple:   regret_index_temple_waves

Skill      XL: |  1  2  3  4  5  6  7  8  9 10 |
---------------+-------------------------------+-----
Dodging        | 3 4 5 6 7 |  7.7
Stealth        | 1 2 3 4 5 6 7 |  7.6
Fighting       | 3 4 5 6 7 8 |  8.8
Long Blades    | 4 5 6 7 8 |  8.2
Invocations    | 2 4 6 7 |  7.3
Throwing       | |  1.7

Action                   |  1- 3 |  4- 6 |  7- 9 | 10-12 || total
-------------------------+-------+-------+-------+-------++-------
Melee: Long sword        |    87 |   196 |   386 |   109 ||   778
       Tailslap          |    16 |    31 |    88 |    78 ||   213
       Dagger            |       |       |    38 |       ||    38
       Scimitar          |       |       |       |   214 ||   214
       Great sword       |       |       |       |    12 ||    12
       Punch             |       |       |       |     4 ||     4
Invok: Heroism           |       |       |       |     2 ||     2
       Finesse           |       |       |       |     1 ||     1
 Abil: Breathe Noxious F |       |       |    17 |     8 ||    25
Evoke: Wand              |       |     2 |       |       ||     2
  Use: Scroll            |       |       |       |    10 ||    10
       Potion            |       |       |       |     1 ||     1
 Stab: Sleeping          |     3 |     2 |    13 |     1 ||    19
       Confused          |       |       |    11 |    14 ||    25
  Eat: Chunk             |       |     8 |    18 |    13 ||    39
       Royal jelly       |       |       |     1 |       ||     1
Armor: Skin              |    28 |    63 |   124 |    70 ||   285
Dodge: Dodged            |   102 |   149 |   379 |   280 ||   910
Block: Buckler           |       |       |       |     5 ||     5
       Rpst.: Long sword |    38 |    39 |    94 |    15 ||   186
       Scimitar          |       |       |       |    58 ||    58
       Great sword       |       |       |       |     1 ||     1
